 Dungeon Crawl Stone Soup version 0.17-a0-670-g5d95ebd (webtiles) character file.

69 Leibowitz the Skirmisher (level 4, -5/30 HPs)
             Began as a Kobold Fighter on Apr 18, 2015.
             Killed by divine providence
             ... invoked by an orc priest
              (15 damage)
             ... on level 3 of the Dungeon.
             The game lasted 00:07:32 (1975 turns).

Leibowitz the Skirmisher (Kobold Fighter)           Turns: 1975, Time: 00:07:32

Health: -5/30      AC:  7    Str: 19    XL:     4   Next: 42%
Magic:  4/4        EV: 14    Int:  6    God:
Gold:   66         SH:  5    Dex: 16    Spells: 0 memorised, 3 levels left

rFire  + . .     SeeInvis .     a - +1 rapier
rCold  . . .     Clarity  .     j - +0 leather armour
rNeg   . . .     SustAb   .     c - +0 buckler
rPois  .         Gourm    .     (no helmet)
rElec  .         Spirit   .     b - +2 cloak
rCorr  .         Warding  .     g - +0 pair of gloves
rMut   .         Stasis   .     (no boots)
MR     .....                    (no amulet)
Stlth  +.........               (no ring)
                                i - ring of loudness (curse)

@: mighty, not resistant to hostile enchantments, very unstealthy
A: carnivore 3, fire resistance 1, robust 1, wild magic 1
a: no special abilities


You were on level 3 of the Dungeon.
You were very full.

You visited 1 branch of the dungeon, and saw 3 of its levels.

You collected 66 gold pieces.

Inventory:

Hand weapons
 a - a +1 rapier (weapon)
Missiles
 f - 11 poisoned needles
Armour
 b - a +2 cloak (worn)
 c - a +0 buckler (worn)
 g - a +0 pair of gloves (worn)
 j - a +0 leather armour (worn)
Jewellery
 i - a cursed ring of loudness (left hand)
 l - an uncursed amulet of stasis
Potions
 e - a potion of might
Comestibles
 d - 3 meat rations


   Skills:
 + Level 3.5 Fighting
 + Level 3.1 Short Blades
 + Level 2.7 Armour
 + Level 2.0 Dodging
 * Level 2.3 Stealth
 + Level 2.7 Shields


You had 3 spell levels left.
You didn't know any spells.

Dungeon Overview and Level Annotations

Branches:
Dungeon (3/15)

Altars:
Yredelemnul


Innate Abilities, Weirdness & Mutations

You are small and have problems with some larger weapons.
You are carnivorous and can eat meat at any time.
Your flesh is heat resistant.
You are robust (+10% HP).
Your spells are a little harder to cast, but a little more powerful.


Message History

You hit the orc priest.
The orc priest is moderately wounded.
The orc priest hits you with a mace!
* * * LOW HITPOINT WARNING * * *
You closely miss the orc priest.
The orc priest is moderately wounded.
Drink which item? (? for menu, Esc to quit)
You feel better. You block the orc priest's attack.
You hit the orc priest but do no damage.
The orc priest is moderately wounded.
You block the orc priest's attack.
You closely miss the orc priest.
The orc priest is moderately wounded.
The orc priest hits you with a mace.
Drink which item? (? for menu, Esc to quit)
You feel very mighty all of a sudden.
The orc priest invokes the aid of Beogh against you.
Something smites you!
Ouch! That really hurt!
You die...

...'........
...######### ...#######
...##....# ...##....#
...##....#########
...''....'.........
...##....#.############
....+....+......@o....#
#+###....#.##########.#
#....#.# ######.# #.#
#.# #.# #.# +


You could see an orc priest.

Vanquished Creatures
  2 worms (D:2)
  A giant gecko (D:2)
  4 orcs (D:3)
  4 giant cockroaches (D:1)
  2 gnoll zombies (D:2)
  3 goblins (D:1)
  8 hobgoblins
  12 jackals
  4 kobolds
  2 bats (D:1)
  2 giant newts (D:1)
  9 rats
53 creatures vanquished.

Notes
Turn   | Place    | Note
--------------------------------------------------------------
     0 | D:1      | Leibowitz, the Kobold Fighter, began the quest for the Orb.
     0 | D:1      | Reached XP level 1. HP: 14/14 MP: 1/1
    72 | D:1      | Reached XP level 2. HP: 16/19 MP: 2/2
   113 | D:1      | Reached skill level 1 in Stealth
   195 | D:1      | Reached XP level 3. HP: 10/23 MP: 3/3
   431 | D:1      | Reached skill level 1 in Dodging
   939 | D:2      | Found a basalt altar of Yredelemnul.
  1178 | D:2      | Reached XP level 4. HP: 28/28 MP: 4/4
  1829 | D:3      | Gained mutation: Your spells are a little harder to cast, but a little more powerful. [potion of mutation]
  1829 | D:3      | Gained mutation: Your flesh is heat resistant. [potion of mutation]
  1829 | D:3      | Gained mutation: You are robust (+10% HP). [potion of mutation]
  1975 | D:3      | Killed from afar by an orc priest

Action                   |  1- 3 |  4- 6 || total
-------------------------+-------+-------++-------
Melee: Rapier            |   154 |    56 ||   210
  Use: Potion            |     4 |     3 ||     7
       Scroll            |     2 |     3 ||     5
  Eat: Chunk             |     8 |     2 ||    10
